Map: Romanticide LE

Players

PattyMac

  • Race: Protoss Protoss
  • League: Grandmaster
  • Spawn Location: 5:00

Neeb - Winner!

  • Race: Protoss Protoss
  • Spawn Location: 11:00

Event: DreamHack SC2 Masters 2020 Winter

VOD

Have the link to the VOD?

Description

Time

  • Played on: Oct. 27, 2020, 6:21 p.m.
  • Length: 7:02

All games in this series

Show
View Real Time Build Order
Export as new Build Order

PattyMac Protoss 

Build Orders:  

Get SALT Encoding   

  12  0:00  Probe  
  13  0:12  Probe  
  14  0:17  Pylon  
  14  0:24  Probe (Chrono Boost)  
  16  0:37  Gateway, Probe (Chrono Boost)  
  16  0:41  Probe (Chrono Boost)  
  16  0:46  Assimilator  
  17  0:52  Probe  
  17  0:54  Assimilator  
  18  1:04  Probe (Chrono Boost)  
  18  1:06  Gateway  
  19  1:13  Probe (Chrono Boost)  
  20  1:18  Probe (Chrono Boost)  
  20  1:25  Cybernetics Core  
  21  1:30  Probe  
  22  1:35  Pylon  
  22  1:42  Probe  
  23  2:01  Robotics Facility  
  23  2:02  Stalker  
  23  2:03  Stalker  
  27  2:09  Warp Gate  
  27  2:14  Pylon  
  27  2:32  Stalker  
  27  2:33  Stalker  
  30  2:45  Immortal (Chrono Boost)  
  34  2:56  Gateway  
  34  3:20  Warp Prism (Chrono Boost)  
  36  3:27  Probe  
  36  3:28  Pylon  
  35  3:54  Robotics Bay  
  35  3:55  Immortal  
  39  4:02  Adept x2  
  41  4:09  Adept  
  45  4:26  Pylon  
  45  4:39  Adept  
  45  4:44  Disruptor  
  50  4:46  Sentry  
  50  4:47  Pylon  
  50  4:49  Adept  
  54  4:59  Probe  
  49  5:12  Probe  
  50  5:17  Adept  
  50  5:18  Pylon  
  48  5:40  Adept x3  
  54  5:48  Pylon  
  57  5:51  Immortal (Chrono Boost)  
  58  6:00  Adept  
  56  6:27  Adept x3  
Show
View Real Time Build Order
Export as new Build Order

Neeb Protoss - Winner!

Build Orders:  

Get SALT Encoding   

  12  0:00  Probe  
  13  0:12  Probe  
  14  0:17  Pylon  
  14  0:24  Probe (Chrono Boost)  
  15  0:36  Probe (Chrono Boost)  
  15  0:38  Gateway  
  16  0:45  Probe (Chrono Boost)  
  16  0:46  Assimilator  
  17  0:51  Probe  
  17  0:54  Assimilator  
  18  1:03  Probe (Chrono Boost)  
  19  1:10  Gateway  
  19  1:12  Probe (Chrono Boost)  
  19  1:17  Probe (Chrono Boost)  
  20  1:25  Cybernetics Core  
  21  1:29  Probe  
  22  1:35  Pylon  
  22  1:41  Probe  
  23  1:53  Probe  
  24  2:01  Stalker x2  
  24  2:02  Warp Gate  
  24  2:08  Probe  
  29  2:11  Pylon  
  29  2:31  Stalker x2  
  33  2:40  Probe  
  33  2:41  Robotics Facility  
  33  2:52  Probe  
  34  3:08  Stalker x2  
  34  3:10  Shield Battery  
  36  3:19  Pylon  
  34  3:31  Immortal (Chrono Boost)  
  38  3:39  Pylon  
  38  3:40  Shield Battery  
  37  3:49  Adept, Sentry  
  41  4:04  Immortal (Chrono Boost)  
  45  4:20  Adept x2  
  49  4:29  Gateway  
  49  4:39  Warp Prism (Chrono Boost)  
  51  4:51  Pylon  
  51  4:59  Stalker  
  51  5:12  Stargate  
  49  5:39  Immortal  
  53  5:42  Sentry  
  53  5:43  Adept  
  53  5:45  Pylon  
  57  5:50  Probe  
  57  5:54  Pylon  
  57  5:56  Phoenix (Chrono Boost)  
  58  6:12  Phoenix (Chrono Boost)  
  52  6:28  Adept x2  
  50  6:36  Phoenix  
  48  6:51  Stalker, Zealot  
Tags
 
Add a new tag
Caveats
  • Supply blocks, unpowered buildings, or Contaminate may cause inaccurate times.
  • Supply counts are checked every 10 seconds.